IL
NORFOLK TIDES @ FRESNO GRIZZLIES
09/23/2049
 
TOP OF THE 1ST
Norfolk Tides batting - Pitching for Fresno Grizzlies : RHP Mike Hurst
Pitching: RHP Mike Hurst
Batting: RHB Joe Young 0-0: Bunt for hit to 15S - play at first, batter OUT! 1-3
Batting: RHB Alfredo Reguera 0-0: Called Strike
0-1: Called Strike
0-2: Ball
1-2: Foul Ball, location: 2F
1-2: Strikes out swinging
Batting: RHB Maup Gommers 0-0: Ball
1-0: Ground out 5-3 (Groundball, 56S, EV 81.2 MPH)
Top of the 1st over - 0 runs, 0 hits, 0 errors, 0 left on base; Norfolk 0 - Fresno 0
BOTTOM OF THE 1ST
Fresno Grizzlies batting - Pitching for Norfolk Tides : RHP Nick Hoag
Pitching: RHP Nick Hoag
Batting: RHB Jesse Scott 0-0: Ball
1-0: Swinging Strike
1-1: Fly out, F8 (Line Drive, 8RM, EV 103.8 MPH)
Batting: LHB Chris Cabrera 0-0: Ball
1-0: Ball
2-0: Called Strike
2-1: Foul Ball, location: 2F
2-2: Ground out U3 (Groundball, 3, EV 86.2 MPH)
Batting: RHB Bruce Bermudez 0-0: Foul Ball, location: 2F
0-1: Ball
1-1: Foul Ball, location: 2F
1-2: Ball
2-2: Strikes out swinging
Bottom of the 1st over - 0 runs, 0 hits, 0 errors, 0 left on base; Norfolk 0 - Fresno 0
TOP OF THE 2ND
Norfolk Tides batting - Pitching for Fresno Grizzlies : RHP Mike Hurst
Batting: RHB Daniel Jackson 0-0: Foul Ball, location: 2F
0-1: Ball
1-1: Foul Ball, location: 2F
1-2: Foul Ball, location: 2F
1-2: Ground out 6-3 (Groundball, 6, EV 105.6 MPH)
Batting: RHB Luke Vaccarino 0-0: Called Strike
0-1: Foul Ball, location: 2F
0-2: Ball
1-2: Strikes out swinging
Batting: RHB Wes Reynolds 0-0: Ball
1-0: SINGLE (Flyball, 8RS, EV 92.5 MPH)
Batting: LHB Justin Moore 0-0: Ball
1-0: Ball
2-0: Ball
3-0: Base on Balls
Wes Reynolds to second
Batting: RHB John Gray 0-0: Called Strike
0-1: Ball
1-1: Ball
2-1: Ground out 2-3 (Groundball, 15S, EV 67.5 MPH)
Top of the 2nd over - 0 runs, 1 hit, 0 errors, 2 left on base; Norfolk 0 - Fresno 0
BOTTOM OF THE 2ND
Fresno Grizzlies batting - Pitching for Norfolk Tides : RHP Nick Hoag
Batting: RHB Etsuro Hosokawa 0-0: Ball
1-0: Ball
2-0: Called Strike
2-1: Ball
3-1: Called Strike
3-2: Strikes out looking
Batting: RHB Sam Spohn 0-0: Ball
1-0: Foul Ball, location: 2F
1-1: Foul Ball, location: 2F
1-2: Fly out, F9 (Flyball, 9, EV 88.1 MPH)
Batting: RHB Nick Deegan 0-0: Ball
1-0: Foul Ball, location: 2F
1-1: Foul Ball, location: 2F
1-2: Foul Ball, location: 2F
1-2: Strikes out swinging, 2-3 out at first.
Bottom of the 2nd over - 0 runs, 0 hits, 0 errors, 0 left on base; Norfolk 0 - Fresno 0
TOP OF THE 3RD
Norfolk Tides batting - Pitching for Fresno Grizzlies : RHP Mike Hurst
Batting: RHB Ray Sims 0-0: Ball
1-0: Ball
2-0: Swinging Strike
2-1: Foul Ball, location: 2F
2-2: Ball
3-2: Strikes out swinging
Batting: RHB Joe Young 0-0: Ball
1-0: SINGLE (Groundball, 34, EV 94.4 MPH)
Batting: RHB Alfredo Reguera 0-0: Ball
1-0: Ball
2-0: SINGLE (Groundball, 34D, EV 93.8 MPH)
Joe Young to second
Runner from 2nd tries for 3rd, SAFE, throw by RF made to third
Alfredo Reguera to second
Batting: RHB Maup Gommers 0-0: Called Strike
0-1: Called Strike
0-2: Ball
1-2: Ball
2-2: Fly out, F7 (Flyball, 7D, EV 101.2 MPH)
Runner from 3rd tags up, SCORES, no throw by LF
Alfredo Reguera to third
Batting: RHB Daniel Jackson 0-0: Called Strike
0-1: Foul Ball, location: 2F
0-2: Ground out 6-3 (Groundball, 6, EV 88.1 MPH)
Top of the 3rd over - 1 run, 2 hits, 0 errors, 1 left on base; Norfolk 1 - Fresno 0
BOTTOM OF THE 3RD
Fresno Grizzlies batting - Pitching for Norfolk Tides : RHP Nick Hoag
Batting: RHB Bryan Peterson 0-0: Ball
1-0: Ball
2-0: Called Strike
2-1: Ball
3-1: Ground out 6-3 (Groundball, 6, EV 83.1 MPH)
Batting: RHB Pat McCoy 0-0: Ball
1-0: Ball
2-0: Called Strike
2-1: Swinging Strike
2-2: Ball
3-2: Strikes out looking
Batting: RHB Dustin Hartman 0-0: Ground out 6-3 (Groundball, 6, EV 91.2 MPH)
Bottom of the 3rd over - 0 runs, 0 hits, 0 errors, 0 left on base; Norfolk 1 - Fresno 0
TOP OF THE 4TH
Norfolk Tides batting - Pitching for Fresno Grizzlies : RHP Mike Hurst
Batting: RHB Luke Vaccarino 0-0: Called Strike
0-1: Foul Ball, location: 2F
0-2: Ball
1-2: Foul Ball, location: 2F
1-2: Strikes out swinging
Batting: RHB Wes Reynolds 0-0: Ball
1-0: Ball
2-0: SINGLE (Groundball, 6, EV 97.5 MPH)
Batting: LHB Justin Moore 0-0: Called Strike
Wes Reynolds steals 2nd base
0-1: Foul Ball, location: 2F
0-2: Ground out U3 (Groundball, 34, EV 77.5 MPH)
Wes Reynolds to third
Batting: RHB John Gray 0-0: Called Strike
0-1: Ground out 6-3 (Groundball, 6, EV 91.2 MPH)
Top of the 4th over - 0 runs, 1 hit, 0 errors, 1 left on base; Norfolk 1 - Fresno 0
BOTTOM OF THE 4TH
Fresno Grizzlies batting - Pitching for Norfolk Tides : RHP Nick Hoag
Batting: RHB Jesse Scott 0-0: Swinging Strike
0-1: Foul Ball, location: 2F
0-2: Ball
1-2: Ball
2-2: Fly out, F8 (Flyball, 8RD, EV 87.5 MPH)
Batting: LHB Chris Cabrera 0-0: Foul Ball, location: 2F
0-1: Ball
1-1: Called Strike
1-2: Ball
2-2: Ball
3-2: Ground out 5-3 (Groundball, 56S, EV 79.4 MPH)
Batting: RHB Bruce Bermudez 0-0: SINGLE (Groundball, 56D, EV 93.8 MPH)
Batting: RHB Etsuro Hosokawa 0-0: Called Strike
0-1: Called Strike
0-2: Ground out 4-3 (Groundball, 4, EV 89.4 MPH)
Bottom of the 4th over - 0 runs, 1 hit, 0 errors, 1 left on base; Norfolk 1 - Fresno 0
TOP OF THE 5TH
Norfolk Tides batting - Pitching for Fresno Grizzlies : RHP Mike Hurst
Batting: RHB Ray Sims 0-0: Ground out 4-3 (Groundball, 4, EV 88.1 MPH)
Batting: RHB Joe Young 0-0: SINGLE (Line Drive, 6D, EV 95.0 MPH)
Batting: RHB Alfredo Reguera 0-0: Fly out, F9 (Flyball, 9, EV 91.2 MPH)
Batting: RHB Maup Gommers 0-0: Ball
1-0: Called Strike
Joe Young steals 2nd base
1-1: Called Strike
1-2: Fly out, F9 (Flyball, 9, EV 81.9 MPH)
Top of the 5th over - 0 runs, 1 hit, 0 errors, 1 left on base; Norfolk 1 - Fresno 0
BOTTOM OF THE 5TH
Fresno Grizzlies batting - Pitching for Norfolk Tides : RHP Nick Hoag
Batting: RHB Sam Spohn 0-0: Called Strike
0-1: Ground out 6-3 (Groundball, 6M, EV 105.6 MPH)
Batting: RHB Nick Deegan 0-0: Ground out 5-3 (Groundball, 56S, EV 83.8 MPH)
Batting: RHB Bryan Peterson 0-0: SINGLE (Groundball, 56D, EV 103.8 MPH)
Batting: RHB Pat McCoy 0-0: Called Strike
0-1: Swinging Strike
0-2: Ball
1-2: Ball
2-2: Ball
3-2: Strikes out swinging
Bottom of the 5th over - 0 runs, 1 hit, 0 errors, 1 left on base; Norfolk 1 - Fresno 0
TOP OF THE 6TH
Norfolk Tides batting - Pitching for Fresno Grizzlies : RHP Mike Hurst
Batting: RHB Daniel Jackson 0-0: Called Strike
0-1: Foul Ball, location: 2F
0-2: Strikes out swinging passed ball, reaches first!
Batting: RHB Luke Vaccarino 0-0: Called Strike
Daniel Jackson steals 2nd base
0-1: Fly out, F4 (Popup, 4M, EV 66.9 MPH)
Pitching: RHP Bill Garcia
Batting: RHB Wes Reynolds 0-0: Foul Ball, location: 2F
0-1: Ball
1-1: Called Strike
1-2: Fly out, F9 (Flyball, 89S, EV 83.8 MPH)
Pitching: LHP Miguel Yepez
Pinch Hitting: RHB Ethan Finke 0-0: Fly out, F9 (Flyball, 9D, EV 106.9 MPH)
Top of the 6th over - 0 runs, 0 hits, 0 errors, 1 left on base; Norfolk 1 - Fresno 0
BOTTOM OF THE 6TH
Fresno Grizzlies batting - Pitching for Norfolk Tides : RHP Nick Hoag
Now at 1B: Jeremy Sipe
Batting: RHB Dustin Hartman 0-0: Called Strike
0-1: Ground out 4-3 (Groundball, 4, EV 84.4 MPH)
Batting: RHB Jesse Scott 0-0: Ball
1-0: Called Strike
1-1: Foul Ball, location: 2F
1-2: Ball
2-2: Ball
3-2: Foul Ball, location: 2F
3-2: Fly out, F8 (Line Drive, 8RD, EV 105.6 MPH)
Batting: LHB Chris Cabrera 0-0: Ball
1-0: Ball
2-0: Called Strike
2-1: Called Strike
2-2: Ball
3-2: Base on Balls
Pitching: LHP John Dyer
Batting: RHB Bruce Bermudez 0-0: Ball
1-0: Ball
2-0: Ground out 4-3 (Groundball, 4, EV 84.4 MPH)
Bottom of the 6th over - 0 runs, 0 hits, 0 errors, 1 left on base; Norfolk 1 - Fresno 0
TOP OF THE 7TH
Norfolk Tides batting - Pitching for Fresno Grizzlies : LHP Miguel Yepez
Pitching: RHP Jorge Aguilar
Batting: RHB John Gray 0-0: Ball
1-0: Called Strike
1-1: Ball
2-1: Ball
3-1: Base on Balls
Batting: RHB Ray Sims 0-0: Bunt missed!
0-1: Sac Bunt to 15S - play at first, batter OUT! 1-3
John Gray to second
Batting: RHB Joe Young 0-0: Foul Ball, location: 2F
0-1: Called Strike
0-2: Ball
1-2: Ball
2-2: Ball
3-2: Base on Balls
Batting: RHB Alfredo Reguera 0-0: Ball
1-0: Swinging Strike
1-1: SINGLE (Line Drive, 56, EV 101.9 MPH)
John Gray to third
Joe Young to second
Batting: RHB Maup Gommers 0-0: Called Strike
0-1: Ball
1-1: Foul Ball, location: 2F
1-2: Fly out, F5 (Popup, 56S, EV 82.5 MPH)
Batting: RHB Daniel Jackson 0-0: Ball
1-0: Foul Ball, location: 2F
1-1: Foul Ball, location: 2F
1-2: Foul Ball, location: 2F
1-2: Ball
2-2: Foul Ball, location: 2F
2-2: Foul Ball, location: 2F
2-2: Foul Ball, location: 2F
2-2: Ball
3-2: Ground out 3-1 (Groundball, 34, EV 100.0 MPH)
Top of the 7th over - 0 runs, 1 hit, 0 errors, 3 left on base; Norfolk 1 - Fresno 0
BOTTOM OF THE 7TH
Fresno Grizzlies batting - Pitching for Norfolk Tides : LHP John Dyer
Batting: RHB Etsuro Hosokawa 0-0: Ball
1-0: Foul Ball, location: 2F
1-1: Swinging Strike
1-2: Foul Ball, location: 2F
1-2: Foul Ball, location: 2F
1-2: Strikes out swinging
Batting: RHB Sam Spohn 0-0: Foul Ball, location: 2F
0-1: SINGLE (Line Drive, 78S, EV 103.8 MPH)
Batting: RHB Nick Deegan 0-0: Fly out, F8 (Flyball, 8LM, EV 93.1 MPH)
Batting: RHB Bryan Peterson 0-0: Called Strike
0-1: Called Strike
0-2: Ball
1-2: Ball
2-2: Strikes out swinging
Bottom of the 7th over - 0 runs, 1 hit, 0 errors, 1 left on base; Norfolk 1 - Fresno 0
TOP OF THE 8TH
Norfolk Tides batting - Pitching for Fresno Grizzlies : RHP Jorge Aguilar
Batting: RHB Luke Vaccarino 0-0: Ball
1-0: Fly out, F9 (Flyball, 9LS, EV 71.9 MPH)
Batting: RHB Wes Reynolds 0-0: Called Strike
0-1: Ball
1-1: Ball
2-1: SINGLE (Flyball, 6D, EV 90.6 MPH)
Batting: RHB Jeremy Sipe 0-0: Ball
1-0: Foul Ball, location: 2F
1-1: Fielders Choice at 2nd, 6-4 (Groundball, 6, EV 85.0 MPH)
Batting: RHB John Gray 0-0: Called Strike
Jeremy Sipe steals 2nd base
0-1: Ground out 6-3 (Groundball, 6, EV 88.1 MPH)
Top of the 8th over - 0 runs, 1 hit, 0 errors, 1 left on base; Norfolk 1 - Fresno 0
BOTTOM OF THE 8TH
Fresno Grizzlies batting - Pitching for Norfolk Tides : LHP John Dyer
Batting: RHB Pat McCoy 0-0: Foul Ball, location: 2F
0-1: Ball
1-1: Foul Ball, location: 2F
1-2: Ball
2-2: Fly out, F4 (Popup, 4M, EV 64.4 MPH)
Batting: RHB Dustin Hartman 0-0: Fly out, F9 (Flyball, 9, EV 85.6 MPH)
Batting: RHB Jesse Scott 0-0: Ball
1-0: Ball
2-0: Swinging Strike
2-1: DOUBLE (Line Drive, 89XD, EV 103.8 MPH)
Batting: LHB Chris Cabrera 0-0: Foul Ball, location: 2F
0-1: Ball
1-1: Called Strike
1-2: Foul Ball, location: 2F
1-2: Ball
Wild Pitch!
Jesse Scott to third
2-2: Foul Ball, location: 2F
2-2: DOUBLE (Line Drive, 78D, EV 105.6 MPH)
Jesse Scott scores
Batting: RHB Bruce Bermudez 0-0: Called Strike
0-1: Ball
1-1: SINGLE (Groundball, 4D, EV 105.6 MPH)
Chris Cabrera to third
Runner from 3rd tries for Home, SAFE, throw by RF to home
Batting: RHB Etsuro Hosokawa 0-0: Ball
1-0: Ball
2-0: Called Strike
2-1: Called Strike
2-2: Strikes out swinging
Bottom of the 8th over - 2 runs, 3 hits, 0 errors, 1 left on base; Norfolk 1 - Fresno 2
TOP OF THE 9TH
Norfolk Tides batting - Pitching for Fresno Grizzlies : RHP Jorge Aguilar
Pitching: RHP Juan Estrada
Batting: RHB Ray Sims 0-0: Called Strike
0-1: Swinging Strike
0-2: Foul Ball, location: 2F
0-2: Ground out 4-3 (Groundball, 34, EV 80.0 MPH)
Batting: RHB Joe Young 0-0: Called Strike
0-1: Ball
1-1: Ball
2-1: Foul Ball, location: 2F
2-2: Strikes out looking
Batting: RHB Alfredo Reguera 0-0: Ball
1-0: Called Strike
1-1: Ball
2-1: Foul Ball, location: 2F
2-2: Ball
3-2: Base on Balls
Batting: RHB Maup Gommers 0-0: Called Strike
0-1: Ball
1-1: 2-RUN HOME RUN (Flyball, 7D, EV 99.4 MPH), Distance : 380 ft
Batting: RHB Daniel Jackson 0-0: Ball
1-0: Ball
2-0: Called Strike
2-1: Foul Ball, location: 2F
2-2: Fly out, F9 (Flyball, 9LM, EV 83.8 MPH)
Top of the 9th over - 2 runs, 1 hit, 0 errors, 0 left on base; Norfolk 3 - Fresno 2
BOTTOM OF THE 9TH
Fresno Grizzlies batting - Pitching for Norfolk Tides : LHP John Dyer
Pitching: RHP Bobby Marble
Batting: RHB Sam Spohn 0-0: Ball
1-0: Swinging Strike
1-1: Ground out 6-3 (Groundball, 56, EV 93.8 MPH)
Batting: RHB Nick Deegan 0-0: Swinging Strike
0-1: Foul Ball, location: 2F
0-2: Ball
1-2: Ball
2-2: Strikes out swinging
Batting: RHB Bryan Peterson 0-0: Called Strike
0-1: Foul Ball, location: 2F
0-2: Foul Ball, location: 2F
0-2: Ball
1-2: Ball
2-2: Foul Ball, location: 2F
2-2: Strikes out swinging
Bottom of the 9th over - 0 runs, 0 hits, 0 errors, 0 left on base; Norfolk 3 - Fresno 2
Sunday, July 16th , 2023 - OOTP Baseball 24.6 Build 69